 Dungeon Crawl Stone Soup version 0.28-a0-94-g325244837d (webtiles) character file.

Game seed: 3362388919353214750

681 dracfodder the Cudgeller (level 7, -2/48 HPs)
             Began as a Gargoyle Berserker on Aug 8, 2021.
             Was a Believer of Trog.
             Splashed by a jelly's acid (8 damage)
             ... on level 5 of the Dungeon.
             The game lasted 00:10:39 (3436 turns).

dracfodder the Cudgeller (Gargoyle Berserker)       Turns: 3436, Time: 00:10:41

Health: -2/48      AC: -2    Str: 22    XL:     7   Next: 61%
Magic:  7/7        EV: 12    Int:  8    God:    Trog [**....]
Gold:   183        SH:  0    Dex:  9    Spells: 6/6 levels left

rFire   . . .      SeeInvis +   a - +1 mace
rCold   . . .      Faith    .   (no shield)
rNeg    + . .      Spirit   .   d - +0 leather armour
rPois   ∞          Reflect  .   (no helmet)
rElec   +          Harm     .   (no cloak)
rCorr   .          Rampage  .   j - +0 pair of gloves
Will    .....                   (no boots)
Stlth   +.........              (no amulet)
HPRegen 0.16/turn               (no ring)
MPRegen 0.10/turn               (no ring)

@: corroded
A: sickness immunity, AC +4, negative energy resistance 1, electricity
resistance, torment resistance 1, petrification resistance, see invisible,
robust 1, noise suppression
a: Renounce Religion, Berserk, Trog's Hand


You were on level 5 of the Dungeon.
You worshipped Trog.
Trog was pleased with you.
You visited 1 branch of the dungeon, and saw 5 of its levels.

You collected 183 gold pieces.

Inventory:

Hand Weapons
 a - a +1 mace (weapon)
Missiles
 c - 22 bolts
 g - 57 stones
 k - 8 javelins (quivered)
 l - 50 arrows
 m - 17 sling bullets
Armour
 d - a +0 leather armour (worn)
 j - a +0 pair of gloves (worn)
Wands
 o - a wand of iceblast (5)
Scrolls
 b - a scroll of identify
 h - 2 scrolls of teleportation
 n - a scroll of fog
Potions
 e - 3 potions of curing
 f - 3 potions of might
 i - 2 potions of heal wounds {unknown}
 p - a potion of brilliance {unknown}


   Skills:
 + Level 4.6 Fighting
 * Level 7.2 Maces & Flails
 + Level 3.0 Armour
 + Level 2.5 Dodging
 + Level 1.2 Stealth


You had 6 spell levels left.
You didn't know any spells.
Your spell library was empty.

Dungeon Overview and Level Annotations

Branches:
Dungeon (5/15)
 Temple: D:4-7

Altars:


Innate Abilities, Weirdness & Mutations

You are immune to sickness and miasma.
Your stone body is resilient. (AC +4)
You are immune to poison.
You resist negative energy. (rN+)
You are resistant to electric shocks. (rElec)
You are resistant to unholy torment.
You are immune to petrification.
You have supernaturally acute eyesight. (SInv)
You are robust. (+10% HP)
You passively dampen the noise of your surroundings.


Message History

You hit the adder skeleton.
The adder skeleton is severely damaged.
The adder skeleton misses you.
You sock the adder skeleton!
You destroy the adder skeleton!
Trog accepts your kill.
No target in view!
No target in view!
No target in view!
There is a stone staircase leading down here.
You climb downwards.
You hear the sound of rushing water.
There is an entrance to a sewer on this level.
Hurry and find it before the portal rusts away!
A jelly and a zombie come into view.
The jelly quivers.
There is a stone staircase leading up here.
You swing at nothing.
You hit the jelly. The acid corrodes you!
Your hands burn!
The jelly is moderately wounded.
The jelly misses you.
You hit the jelly. The acid corrodes you!
Your hands burn!
The jelly is moderately wounded.
The jelly barely misses you.
You hit the jelly but do no damage.
Your hands burn!
The jelly is moderately wounded.
The jelly barely misses you.
You hit the jelly but do no damage.
Your hands burn!
The jelly is moderately wounded.
The jelly hits you.
You are splashed with acid!
You barely miss the jelly.
The jelly is moderately wounded.
The jelly hits you.
You are splashed with acid!
* * * LOW HITPOINT WARNING * * *
You hit the jelly.
Your hands burn!
* * * LOW HITPOINT WARNING * * *
The jelly is heavily wounded.
The jelly hits you.
* * * LOW HITPOINT WARNING * * *
The acid corrodes you!
You are splashed with acid!
You die...

. P. P≈≈
.P≈≈ .P.≈
#####..#.#.
#..@JZ.....
#.###..####
.. .# #. #
#


You could see a jelly and a howler monkey zombie.

Vanquished Creatures
  Pikel (D:4)
  A water moccasin skeleton (D:3)
  An iguana (D:4)
  5 adders
  An adder skeleton (D:4)
  3 worms
  2 orcs (D:3)
  6 bats
  7 endoplasms
  2 giant cockroaches
  5 goblins
  8 hobgoblins
  13 jackals
  2 quokkas
  8 ball pythons
  3 frilled lizards
  6 kobolds
  3 rats
77 creatures vanquished.

Vanquished Creatures (others)
  19 plants (D:3)
19 creatures vanquished.

Grand Total: 96 creatures vanquished

Notes
Turn   | Place    | Note
-------+----------+-------------------------------------------
     0 | D:1      | dracfodder the Gargoyle Berserker began the quest for the
                  | Orb.
     0 | D:1      | Reached XP level 1. HP: 14/14 MP: 1/1
   140 | D:2      | Reached XP level 2. HP: 19/19 MP: 2/2
   398 | D:1      | Found a faded altar of an unknown god.
   795 | D:1      | Gained mutation: You have supernaturally acute eyesight.
                  | (SInv) [potion of mutation]
   795 | D:1      | Gained mutation: You are robust. (+10% HP) [potion of
                  | mutation]
   795 | D:1      | Gained mutation: You passively dampen the noise of your
                  | surroundings. [potion of mutation]
   829 | D:2      | Reached XP level 3. HP: 25/25 MP: 3/3
  1058 | D:2      | Reached skill level 4 in Maces & Flails
  1578 | D:2      | Reached XP level 4. HP: 30/31 MP: 4/4
  1656 | D:2      | Reached ** piety under Trog
  2325 | D:3      | Reached XP level 5. HP: 35/36 MP: 5/5
  2538 | D:4      | Noticed a lemure
  2538 | D:4      | Noticed a lemure
  2538 | D:4      | Noticed Pikel
  2614 | D:3      | Reached skill level 5 in Maces & Flails
  3197 | D:4      | Noticed a lemure
  3211 | D:4      | Killed Pikel
  3212 | D:4      | Reached skill level 7 in Maces & Flails
  3212 | D:4      | Reached skill level 1 in Stealth
  3212 | D:4      | Reached XP level 6. HP: 10/42 MP: 6/6
  3212 | D:4      | Reached XP level 7. HP: 11/48 MP: 7/7
  3429 | D:5      | Entered Level 5 of the Dungeon
  3436 | D:5      | Splashed by a jelly's acid

Illustrated notes

Levels and vault maps discovered:
D:1:      sevenhm_arrival_forest_fort_small_4, layout_loops_ring,
          basic_ecumenical_altar
D:2:      layout_basic, serial_aquarium, aquarium_bridge_island_small
          [aquarium_subvault_small_open, aquarium_subvault_bridge,
          aquarium_subvault_bridge, aquarium_subvault_balcony,
          aquarium_subvault_wall], aquarium_window_fake,
          aquarium_window_corridor_3, aquarium_view_2a, aquarium_pool_S,
          chequers_serial_rivers_small_a
D:3:      layout_loops_cross, serial_bayou, serial_bayou_shore_a,
          serial_bayou_pond_b, serial_bayou_lake_a, serial_bayou_pond_a,
          serial_bayou_pond_e, hex_large
D:4:      layout_basic, serial_curves, eino_curves_04, eino_curves_04,
          eino_curves_04, st_stairs_11, uniq_pikel
D:5:      layout_loops_ring, eat_drink_and_be_merry_uskayaw,
          grunt_gozag_breadcrumbs, minmay_temple_entry_enclosed_plants,
          gup_sewer_entry_spiral, serial_bayou_lagoon_a,
          kennysheep_generic_room_9

Skill      XL: |  1  2  3  4  5 |
---------------+----------------+-----
Maces & Flails | 4 7 |  7.2
Fighting       | 4 |  4.6
Dodging        | 2 |  2.5
Armour         | 3 |  3.0
Stealth        | 1 |  1.2

Action                   |  1- 3 |  4- 6 |  7- 9 || total
-------------------------+-------+-------+-------++-------
Melee: Mace              |    98 |   129 |    13 ||   240
Invok: Berserk           |       |     4 |       ||     4
  Use: Scroll            |     7 |     1 |       ||     8
       Potion            |     1 |       |       ||     1
 Stab: Sleeping          |     1 |     1 |       ||     2
Armor: Animal skin       |    41 |    31 |       ||    72
       Leather armour    |       |    24 |     3 ||    27
Dodge: Dodged            |    66 |    96 |     5 ||   167

Table legend: (Time is in decaauts)
 A = Elapsed time spent in this place.
 B = Non-inter-level travel time spent in this place.
 C = Inter-level travel time spent in this place.
 D = Time resting spent in this place.
 E = Time spent auto-exploring this place.
 F = Levels seen in this place.
 G = Mean time per level.
                   A        B        C        D        E       F      G
               +--------+--------+--------+--------+--------+-----+--------+
         Total |   3570 |   3465 |    105 |    468 |   2317 |   5 |  714.0 |
       Dungeon |   3570 |   3465 |    105 |    468 |   2317 |   5 |  714.0 |
               +--------+--------+--------+--------+--------+-----+--------+

Top non-repeatable levels by time:
     D:3: 1174 daAuts
     D:2: 1131 daAuts
     D:1: 808 daAuts
     D:4: 449 daAuts
     D:5: 7 daAuts
